 Dungeon Crawl Stone Soup version 0.30.0-20-g3615ddf2f0 (webtiles) character file.

Game seed: 16745391089341727508

254 qw the Chopper (level 6, 0/38 HPs)
             Began as a Gargoyle Fighter on June 2, 2023.
             Killed by nerve-wracking pain
             ... invoked by Grinder
              (6 damage)
             ... on level 3 of the Dungeon.
             The game lasted 00:01:11 (1847 turns).

qw the Chopper (Gargoyle Fighter)                   Turns: 1847, Time: 00:01:12

Health: 0/38       AC: 17    Str: 21    XL:     6   Next: 14%
Magic:  6/6        EV:  5    Int:  9    God:
Gold:   94         SH:  4    Dex:  9    Spells: 5/5 levels left

rFire   . . .        Y - +0 war axe
rCold   . . .        c - +0 buckler
rNeg    + . .        m - +0 plate armour
rPois   inf          f - +0 helmet
rElec   +            (no cloak)
rCorr   .            (no gloves)
SInv    .            (no boots)
Will    .....        (no amulet) Stlth
                     (no ring)
HPRegen 0.26/turn    (no ring)
MPRegen 0.10/turn

%: no passive effects
@: no status effects
A: sickness immunity, AC +4, negative energy resistance 1, electricity
resistance, torment resistance 1, petrification resistance
a: no special abilities


You were on level 3 of the Dungeon.
You visited 1 branch of the dungeon, and saw 3 of its levels.

You collected 94 gold pieces.


Innate Abilities, Weirdness & Mutations

You are immune to sickness and miasma.
Your stone body is resilient. (AC +4)
You are immune to poison.
You resist negative energy. (rN+)
You are resistant to electric shocks. (rElec)
You are resistant to unholy torment.
You are immune to petrification.


   Skills:
 - Level 4.0 Fighting
 + Level 5.3 Axes
 - Level 3.2 Armour
 - Level 3.2 Shields


You had 5 spell levels left.
You didn't know any spells.
Your spell library was empty.

Inventory:

Hand Weapons
 o - a +0 flail
 Y - a +0 war axe (weapon)
Missiles
 h - 6 boomerangs (quivered)
Armour
 c - a +0 buckler (worn)
 f - a +0 helmet (worn)
 m - a +0 plate armour (worn)
Jewellery
 g - a ring of magical power
Scrolls
 a - 3 scrolls of identify
 n - a scroll of torment {unknown}
Potions
 d - 3 potions of might
 e - a potion of brilliance {unknown}
 i - a potion of berserk rage {unknown}
 j - a potion of ambrosia {unknown}
 k - 2 potions of mutation {unknown}
 l - a potion of heal wounds {unknown}

Dungeon Overview and Level Annotations

Branches:
Dungeon (3/15)

Altars:
Ashenzari
Xom

Annotations:
D:3 1 runed translucent door, Grinder; qw's ghost, amateur GrFi


Message History

Enter note:
Enter note:
Enter note: You slash Grinder!
Grinder is moderately wounded.
Grinder completely misses you.
You barely miss Grinder.
Grinder is moderately wounded.
Grinder hits you but does no damage.
You closely miss Grinder.
Grinder is moderately wounded.
Grinder gestures at you.
You suddenly lose the ability to move!
Grinder hits you.
You writhe in agony.
You can move again.
You barely miss Grinder.
Grinder is moderately wounded.
Grinder hits you!
You writhe in agony.
You hit Grinder.
Grinder is moderately wounded.
You block Grinder's attack. Grinder hits you but does no damage.
You closely miss Grinder.
Grinder is moderately wounded.
Grinder hits you but does no damage.
You hit Grinder but do no damage.
Grinder is moderately wounded.
Grinder hits you!
You writhe in agony.
You closely miss Grinder.
Grinder is moderately wounded.
Grinder says, "Mostly I couldn't keep them alive."
Grinder barely misses you. Grinder hits you!
You hit Grinder.
Grinder is moderately wounded.
Grinder hits you!
You slash Grinder!
Grinder is heavily wounded.
Grinder blinks!
Grinder gestures at you. Pain shoots through your body!
You die...

<#.#.....#.....#
...#...#.#.....#
.........#.....#
..#.#.#........#
.........##...##
#.#.#.#.......#
........#######
#.#.#.#.########
#.....5@.ยค......
################


You could see Grinder.

Vanquished Creatures
  A scorpion (D:3)
  Jessica (D:2)
  Terence (D:2)
  An orc wizard (D:3)
  Robin (D:2)
  2 adders
  A worm (D:3)
  A dart slug (D:1)
  9 orcs (D:3)
  2 endoplasms (D:3)
  3 giant cockroaches (D:2)
  10 goblins
  13 hobgoblins
  2 quokkas
  4 ball pythons
  2 bats
  6 frilled lizards
  6 kobolds
  9 rats
75 creatures vanquished.

Notes
Turn   | Place    | Note
-------+----------+-------------------------------------------
     0 | D:1      | qw the Gargoyle Fighter began the quest for the Orb.
     0 | D:1      | Reached XP level 1. HP: 14/14 MP: 1/1
     0 | D:1      | 0 ||| qw: Version: 0.2-a-102-gdf20003
     0 | D:1      | 0 ||| qw: Game counter: 779
     0 | D:1      | 0 ||| qw: Always use a shield: true
     0 | D:1      | 0 ||| qw: God list: Okawaru
     0 | D:1      | 0 ||| qw: Allow faded altars: false
     0 | D:1      | 0 ||| qw: Do Orc after D:15 true
     0 | D:1      | 0 ||| qw: Do second Lair branch before Depths: true
     0 | D:1      | 0 ||| qw: Lair rune preference: random
     0 | D:1      | 0 ||| qw: Plans: Normal, Zot:1-4, Slime:5, God:TSO, Crypt,
                  | Tomb, Pan, Hells, Abyss, Win
     0 | D:1      | 0 ||| PLANNING D:1-11
    60 | D:1      | Reached skill level 2 in Axes
   196 | D:1      | Reached XP level 2. HP: 19/19 MP: 2/2
   285 | D:1      | 285 ||| Stepping ~*~*~tactically~*~*~ (stealth).
   317 | D:1      | 317 ||| Stepping ~*~*~tactically~*~*~ (stealth).
   350 | D:1      | 350 ||| Stepping ~*~*~tactically~*~*~ (stealth).
   351 | D:1      | 351 ||| Stepping ~*~*~tactically~*~*~ (stealth).
   352 | D:1      | 352 ||| Stepping ~*~*~tactically~*~*~ (stealth).
   353 | D:1      | 353 ||| Stepping ~*~*~tactically~*~*~ (stealth).
   389 | D:1      | 389 ||| Stepping ~*~*~tactically~*~*~ (hiding).
   391 | D:1      | 391 ||| Stepping ~*~*~tactically~*~*~ (hiding).
   393 | D:1      | 393 ||| Stepping ~*~*~tactically~*~*~ (hiding).
   530 | D:1      | 530 ||| Stepping ~*~*~tactically~*~*~ (stealth).
   538 | D:1      | Reached skill level 3 in Axes
   672 | D:1      | 672 ||| UPGRADING to +0 chain mail.
   682 | D:1      | 682 ||| DROPPING +0 scale mail.
   683 | D:1      | 683 ||| UPGRADING to +0 plate armour.
   693 | D:1      | 693 ||| DROPPING +0 chain mail.
   694 | D:1      | 694 ||| READING scroll labelled MIFODW QONNA.
   695 | D:1      | 695 ||| READING scroll labelled MIR BE JAPHIGREE.
   696 | D:1      | 696 ||| DRINKING 2 emerald potions.
   697 | D:1      | 697 ||| DROPPING potion of degeneration.
   725 | D:2      | Reached XP level 3. HP: 23/23 MP: 3/3
   871 | D:2      | Noticed Jessica
   872 | D:2      | 872 ||| Stepping ~*~*~tactically~*~*~ (hiding).
   873 | D:2      | 873 ||| Stepping ~*~*~tactically~*~*~ (hiding).
   874 | D:2      | 874 ||| Stepping ~*~*~tactically~*~*~ (hiding).
   891 | D:2      | Killed Jessica
   892 | D:2      | Reached XP level 4. HP: 17/28 MP: 4/4
   952 | D:2      | Reached skill level 4 in Axes
   977 | D:2      | Noticed Robin
  1008 | D:2      | Killed Robin
  1068 | D:2      | Found a shimmering altar of Xom.
  1091 | D:2      | Noticed Terence
  1107 | D:2      | Killed Terence
  1108 | D:2      | Reached XP level 5. HP: 29/32 MP: 5/5
  1299 | D:2      | 1299 ||| UPGRADING to +0 helmet.
  1304 | D:2      | 1304 ||| READING scroll labelled RAVVAKU CEMY.
  1305 | D:2      | 1305 ||| READING scroll labelled HAMUURUHOGO.
  1310 | D:2      | 1310 ||| READING scroll labelled IZURPH QORPHIU.
  1314 | D:3      | Found a faded altar of an unknown god.
  1382 | D:3      | 1382 ||| DROPPING +0 club.
  1390 | D:3      | Found a broken altar of Ashenzari.
  1395 | D:3      | 1395 ||| Stepping ~*~*~tactically~*~*~ (hiding).
  1433 | D:3      | HP: 7/32 [frozen (3)]
  1557 | D:3      | Reached skill level 5 in Axes
  1719 | D:3      | Reached XP level 6. HP: 35/37 MP: 6/6
  1739 | D:3      | 1739 ||| DROPPING +0 whip.
  1791 | D:3      | Found a runed translucent door.
  1798 | D:3      | Noticed qw's ghost (amateur GrFi)
  1834 | D:3      | Noticed Grinder
  1838 | D:3      | Paralysed by Grinder for 2 turns
  1845 | D:3      | HP: 5/38 [Grinder (8)]
  1847 | D:3      | Killed from afar by Grinder

Levels and vault maps discovered:
D:1:      dpeg_arrival_arbitrary_c, layout_rooms, roderic_serpentine_path
D:2:      layout_rooms, basic_altar, uniq_jessica, uniq_terence, uniq_robin
D:3:      layout_basic, ashenzari_altar_1, ebering_ecumenical_altar_petrified,
          ebering_ghost_reflecting_pool, serial_glass, glass_columns_a,
          glass_columns_a, glass_columns_a, glass_columns_b, glass_columns_a,
          glass_columns_b, glass_columns_b, glass_columns_c, glass_columns_b,
          glass_columns_b, glass_columns_b, glass_columns_b, glass_columns_a,
          glass_columns_a, minivault_27, uniq_grinder

Skill      XL: |  1  2  3  4  5  6 |
---------------+-------------------+-----
Axes           | 2 3 4 5 |  5.3
Fighting       | 4 |  4.0
Armour         | |  3.2
Shields        | |  3.2

Action                     |  1- 3 |  4- 6 || total
---------------------------+-------+-------++-------
  Melee: War axe           |    88 |   111 ||   199
  Throw: Boomerang         |    24 |    24 ||    48
    Use: Scroll            |     2 |     3 ||     5
         Potion            |     1 |       ||     1
 Armour: Scale mail        |    20 |       ||    20
         Plate armour      |    40 |   116 ||   156
  Dodge: Dodged            |    38 |    24 ||    62
  Block: Buckler           |    19 |    21 ||    40

Table legend:
 A = Non-vault XP
 B = Vault XP
 C = Vault XP percentage of total XP
 D = Non-vault monster count
 E = Vault monster count
 F = Vault count percentage of total count
                 A         B        C        D         E       F
            +---------+---------+-------+---------+---------+-------
      Total |     257 |     106 |  29.2 |      62 |      13 |  17.3
            +---------+---------+-------+---------+---------+-------
        D:1 |      32 |       0 |   0.0 |      20 |       0 |   0.0
        D:2 |      42 |     106 |  71.6 |      20 |      13 |  39.4
        D:3 |     183 |       0 |   0.0 |      22 |       0 |   0.0
            +---------+---------+-------+---------+---------+-------
